Map: Automaton LE

Players

Smileblind

  • Race: Terran Terran
  • League: Silver
  • Spawn Location: 9:00

A.I. 1 (Harder) - Winner!

  • Race: Terran Terran
  • Spawn Location: 3:00

VOD

Have the link to the VOD?

Description

Time

  • Played on: Jan. 15, 2019, 9:46 p.m.
  • Length: 12:47
Show
View Real Time Build Order
Export as new Build Order

Smileblind Terran 

Build Orders:  

Get SALT Encoding   

  12  0:06  SCV  
  13  0:18  SCV  
  14  0:33  Supply Depot  
  14  0:35  Supply Depot  
  14  0:41  SCV  
  15  0:43  Supply Depot  
  15  0:54  SCV  
  16  1:07  SCV  
  16  1:09  Barracks  
  17  1:17  Refinery  
  17  1:21  Refinery  
  17  1:25  SCV  
  18  1:37  SCV  
  19  1:44  Supply Depot  
  19  1:49  SCV  
  20  2:01  SCV  
  21  2:09  Bunker  
  21  2:14  SCV  
  22  2:19  Supply Depot  
  22  2:26  SCV  
  23  2:32  Barracks Reactor  
  23  2:38  SCV  
  23  2:40  Bunker  
  24  2:50  SCV  
  25  2:53  Engineering Bay  
  25  3:02  SCV  
  25  3:04  Factory  
  26  3:15  Marine x2  
  28  3:25  Missile Turret  
  28  3:33  Marine x2  
  30  3:49  Factory Reactor  
  30  3:51  Factory Tech Lab, Marine  
  30  3:52  Missile Turret  
  31  3:57  Sensor Tower  
  31  4:00  Marine  
  32  4:08  Marine  
  33  4:18  Marine  
  33  4:24  Refinery, Command Center  
  34  4:33  Siege Tank  
  34  4:37  SCV  
  38  4:49  SCV  
  39  4:56  Missile Turret  
  39  5:00  Missile Turret  
  39  5:04  Neosteel Armor  
  39  5:22  SCV  
  39  5:24  Mag-Field Accelerator  
  40  5:37  Refinery  
  40  5:41  Missile Turret  
  40  5:49  Cyclone  
  43  5:55  SCV  
  44  6:01  SCV  
  45  6:07  SCV  
  46  6:13  SCV  
  47  6:19  SCV  
  47  6:23  Missile Turret  
  48  6:31  SCV, Cyclone  
  52  6:43  SCV  
  52  6:44  Hi-Sec Auto Tracking, Planetary Fortress  
  54  6:48  Marine x2  
  55  6:56  SCV  
  53  7:06  Marine  
  53  7:08  SCV  
  51  7:09  Bunker  
  51  7:15  Cyclone  
  54  7:21  SCV  
  55  7:33  SCV  
  55  7:35  Marine x2  
  58  7:41  Terran Infantry Weapons Level 1  
  58  7:45  SCV  
  58  7:47  Cyclone  
  62  7:53  Marine x2  
  62  7:55  Command Center  
  62  7:57  SCV  
  65  8:09  SCV  
  65  8:10  Marine  
  65  8:11  Marine  
  68  8:16  SCV  
  69  8:21  SCV  
  70  8:34  Supply Depot  
  70  8:40  Orbital Command  
  70  8:56  SCV, Siege Tank, Marine x2  
  70  8:57  Supply Depot  
  76  9:08  SCV  
  77  9:20  Supply Depot  
  77  9:23  SCV  
  78  9:28  Siege Tank  
  81  9:35  SCV, Terran Infantry Armor Level 1  
  82  9:44  Supply Depot  
  82  9:47  SCV  
  83  9:58  Refinery  
  83  9:59  SCV  
  84  10:00  Cyclone  
  84  10:03  Refinery  
  84  10:06  Missile Turret  
  87  10:08  SCV  
  87  10:12  SCV  
  89  10:20  SCV  
  90  10:23  Bunker  
  90  10:31  Sensor Tower  
  90  10:32  SCV, Cyclone  
  94  10:44  SCV  
  95  10:57  SCV  
  96  10:58  Armory  
  96  11:04  Factory, Cyclone  
  96  11:09  SCV  
  83  11:21  SCV  
  72  11:36  Cyclone  
  58  11:58  Marine x2  
  55  12:09  Cyclone  
  55  12:14  Factory  
  56  12:16  Marine x2  
  56  12:20  Armory  
Show
View Real Time Build Order
Export as new Build Order

A.I. 1 (Harder) Terran - Winner!

Build Orders:  

Get SALT Encoding   

  12  0:00  SCV  
  13  0:13  SCV  
  14  0:19  Supply Depot  
  14  0:25  SCV  
  15  0:41  SCV  
  16  0:45  Barracks  
  16  0:52  Refinery  
  16  0:53  SCV  
  17  1:05  SCV  
  18  1:17  SCV  
  19  1:25  Supply Depot  
  19  1:31  SCV  
  20  1:33  Marine  
  21  1:44  Barracks, Orbital Command  
  21  1:52  Barracks Tech Lab, Refinery  
  21  2:09  Marine  
  21  2:10  Supply Depot  
  22  2:27  Marine  
  23  2:30  Marine  
  24  2:46  Marauder  
  24  2:48  Marine  
  24  2:50  Supply Depot  
  27  3:06  Marine  
  27  3:09  Marauder  
  30  3:22  Supply Depot  
  30  3:24  Marine  
  31  3:30  SCV, Marauder  
  34  3:42  SCV, Engineering Bay, Marine  
  36  3:51  Marine  
  36  3:54  SCV  
  38  3:59  Marine  
  39  4:06  SCV  
  39  4:09  Marauder  
  42  4:11  Supply Depot  
  42  4:19  SCV  
  43  4:31  SCV, Marauder  
  46  4:52  Marauder  
  48  5:13  Marauder  
  50  6:04  Barracks Tech Lab  
  50  6:05  Factory, Terran Infantry Weapons Level 1, Stimpack, Marine  
  50  6:08  Factory  
  51  6:13  Missile Turret, Command Center  
  51  6:16  Supply Depot  
  51  6:21  Combat Shield  
  51  6:23  Marine  
  52  6:37  Missile Turret  
  52  6:45  Supply Depot  
  52  6:48  Factory Tech Lab  
  52  6:50  Marine  
  52  6:53  Starport  
  46  6:55  Starport  
  46  6:56  Factory Tech Lab  
  46  6:57  Marine  
  36  7:08  Marine  
  36  7:15  Marine  
  38  7:17  Widow Mine  
  40  7:24  Widow Mine  
  40  7:25  SCV x2  
  44  7:30  Marine  
  44  7:33  Refinery  
  44  7:34  Starport Tech Lab x2  
  45  7:37  SCV, Refinery  
  45  7:38  Siege Tank  
  45  7:40  SCV, Concussive Shells  
  45  7:42  Marine  
  51  7:49  SCV, Siege Tank  
  55  7:52  SCV  
  55  7:55  Raven, Marine  
  59  7:59  Terran Infantry Armor Level 1  
  59  8:01  SCV  
  59  8:02  Bunker, Marine  
  59  8:03  Raven  
  59  8:04  SCV  
  64  8:10  Siege Tank  
  67  8:13  SCV  
  67  8:15  Missile Turret, Marine  
  67  8:17  SCV  
  70  8:21  Marine  
  70  8:25  SCV  
  70  8:26  Missile Turret  
  72  8:29  SCV  
  72  8:33  Marauder  
  75  8:38  SCV  
  75  8:41  SCV, Sensor Tower  
  77  8:49  Bunker  
  77  8:50  SCV  
  77  8:53  SCV  
  79  9:01  Armory  
  79  9:02  SCV  
  80  9:05  SCV  
  81  9:14  SCV, Barracks  
  82  9:17  SCV  
  83  10:01  Barracks Reactor  
  83  10:19  Medivac x2, Thor  
  93  10:23  Factory  
  93  10:26  Starport  
  93  10:28  Supply Depot  
  93  10:35  Command Center  
  93  10:50  Raven, Siege Tank, Medivac  
  93  10:52  Supply Depot  
  100  11:02  Starport Reactor  
  100  11:07  Factory Tech Lab  
  100  11:14  Siege Tank  
  100  11:17  Supply Depot  
  101  11:22  Cyclone  
  100  11:27  Thor  
  98  11:33  Marine  
  98  11:39  Marine  
  93  11:42  Supply Depot  
  93  11:46  Marine  
  93  11:47  SCV x3  
  96  11:52  Marine  
  99  11:58  Refinery  
  99  11:59  SCV, Marine  
  99  12:00  SCV x2  
  103  12:04  Missile Turret  
  103  12:05  Marine  
  104  12:10  Missile Turret  
  104  12:11  SCV, Refinery  
  104  12:12  SCV, Marine  
  104  12:13  SCV  
  108  12:17  Ghost Academy  
  108  12:18  Marine  
  109  12:23  SCV  
  109  12:24  SCV  
  109  12:25  SCV, Engineering Bay  
  111  12:35  SCV  
  111  12:46  Bunker  
Tags
 
League
Silver
Matchup
TvT
Race
Terran
Spawn Locations
Cross Positions
Add a new tag
Caveats
  • Supply blocks, unpowered buildings, or Contaminate may cause inaccurate times.
  • Supply counts are checked every 10 seconds.